 Dungeon Crawl Stone Soup version 0.24-a0-412-ge138f7edaf (webtiles) character file.

Game seed: 14246790307613469628

3556 KristoblXynda the Covert (level 9, -3/44 HPs)
             Began as a Spriggan Enchanter on June 6, 2019.
             Was a Believer of Ashenzari.
             Slain by a manticore (15 damage)
             ... on level 9 of the Dungeon.
             The game lasted 00:20:45 (10933 turns).

KristoblXynda the Covert (Spriggan Enchanter)      Turns: 10933, Time: 00:20:46

Health: -3/44      AC:  4    Str:  5    XL:     9   Next: 83%
Magic:  18/23      EV: 18    Int: 18    God:    Ashenzari [**....]
Gold:   537        SH:  0    Dex: 17    Spells: 16/26 levels left

rFire    . . .     SeeInvis +   o - +7 dagger (freeze) (curse)
rCold    . . .     Gourm    .   (shield restricted)
rNeg     . . .     Faith    .   b - +0 robe
rPois    .         Spirit   .   r - +2 hat
rElec    .         Reflect  .   (no cloak)
rCorr    .         Harm     .   (gloves unavailable)
MR       ++...                  (boots unavailable)
Stlth    +++++.....             (no amulet)
HPRegen  0.14/turn              i - ring of wizardry (curse)
MPRegen  0.18/turn              f - ring of protection from magic

@: very quick
A: very small, unfitting armour, see invisible, herbivore, speed 3, slow
metabolism 2
a: Curse Item, Scrying, Renounce Religion


You were on level 9 of the Dungeon.
You worshipped Ashenzari.
Ashenzari was pleased with you.
You were not hungry.

You visited 2 branches of the dungeon, and saw 10 of its levels.
You also visited: Sewer.

You collected 537 gold pieces.

Inventory:

Hand Weapons
 o - a cursed +7 dagger of freezing (weapon)
Armour
 b - a +0 robe (worn)
 r - a +2 hat (worn)
Jewellery
 f - a ring of protection from magic (right hand)
 i - a cursed ring of wizardry (left hand)
 m - a +2 ring of protection
Scrolls
 c - 2 scrolls of remove curse
 e - a scroll of enchant armour {unknown}
 h - a scroll of random uselessness {unknown}
 k - 2 scrolls of magic mapping {unknown}
 l - 4 scrolls of teleportation
 n - 2 scrolls of fear {unknown}
 p - a scroll of holy word {unknown}
 q - a scroll of fog
 t - a scroll of vulnerability {unknown}
 B - 2 scrolls of amnesia {unknown}
 C - a scroll of brand weapon {unknown}
 D - 2 scrolls of silence {unknown}
 E - a scroll of torment {unknown}
Potions
 a - a potion of lignification
 g - 3 potions of berserk rage
 j - a potion of flight
 s - a potion of ambrosia
 u - 2 potions of might {unknown}
 v - 6 potions of curing
 w - 5 potions of brilliance
 x - a potion of heal wounds
 z - 2 potions of agility
Comestibles
 d - 6 rations


   Skills:
 + Level 3.3 Fighting
 - Level 5.0(7.3) Short Blades
 - Level 3.0 Dodging
 + Level 11.8 Stealth
 + Level 9.2 Spellcasting
 + Level 9.4 Hexes


You had 16 spell levels left.
You knew the following spells:

 Your Spells              Type           Power        Failure   Level  Hunger
a - Corona                Hex            #####..      1%          1    None
b - Ensorcelled Hibernat  Hex/Ice        ####..       1%          2    None
c - Confuse               Hex            #####...     1%          3    None
d - Throw Icicle          Conj/Ice       #.......     32%         4    ###....

Your spell library contained the following spells:

 Spells                   Type           Power        Failure   Level  Hunger
 Dazzling Spray           Conj/Hex       ####..       1%          3    None
 Tukima's Dance           Hex            #####...     1%          3    None
 Freeze                   Ice            #...         3%          1    None
 Throw Frost              Conj/Ice       #.....       5%          2    None
 Ozocubu's Armour         Chrm/Ice       #.......     11%         3    None
 Summon Ice Beast         Ice/Summ       #.......     32%         4    ###....


Dungeon Overview and Level Annotations

Branches:
Dungeon (9/15)             Temple (1/1) D:4
   Lair: D:8-11         Orc: D:9-12

Altars:
Ashenzari
Cheibriados
Dithmenos
Elyvilon
Fedhas
Gozag
Hepliaklqana
Kikubaaqudgha
Makhleb
Nemelex Xobeh
Qazlal
Ru
Sif Muna
Uskayaw
Vehumet
Wu Jian
Xom
Yredelemnul
Zin
The Shining One

Shops:
D:8 :}


Innate Abilities, Weirdness & Mutations

You are very small and have problems with some larger weapons.
You are too small for most types of armour.
You have supernaturally acute eyesight. (SInv)
You are a herbivore.
You cover ground extremely quickly.
You need to consume almost no food.


Message History

The manticore claws you.
* * * LOW HITPOINT WARNING * * *
The manticore barely misses you.
You start resting.
The manticore is too close now for your liking.
You hit the manticore. You freeze the manticore.
The manticore is moderately wounded.
The manticore misses you. The manticore claws you!
* * * LOW HITPOINT WARNING * * *
The manticore closely misses you.
Unknown command.
You feel much better. The manticore misses you. The manticore claws you.
The manticore claws you!
* * * LOW HITPOINT WARNING * * *
You puncture the manticore! You freeze the manticore.
The manticore is heavily wounded.
You hit the manticore. You freeze the manticore.
The manticore is heavily wounded.
The manticore bites you!
You die...

#..., , , * #...** * ,
#..#* , * ######### #..#
* # #.......# #..#.
,,.#,* #.......#
#..#.###.# *
###.......###..##H..#
......).........##.##..#
###.......###.#.@H....#*
#>......# #.........#
####.#### #####+#####
#.# *, * #.# * #.# , *
#.# * * #.# , * # #.# *
,,*


You could see a manticore (confused).

Vanquished Creatures
  A troll (D:9)
  A hornet (D:9)
  A hippogriff (D:8)
  A wyvern (D:9)
  An ice beast (D:8)
  2 orc warriors (D:6)
  3 phantoms
  4 ogres
  A centaur (D:5)
  A wyvern zombie (D:8)
  2 scorpions
  6 killer bees (D:7)
  3 wights (D:4)
  3 howler monkeys (D:9)
  4 crimson imps
  2 hounds
  2 jellies
  5 orc priests
  A centaur skeleton (D:4)
  A bullfrog skeleton (D:8)
  7 orc wizards
  5 worker ants
  An iguana (D:7)
  A hound zombie (D:7)
  A hound skeleton (D:5)
  2 worker ant zombies (D:6)
  12 adders
  3 gnolls (D:3)
  3 shadow imps
  3 oozes
  An adder zombie (D:8)
  3 dart slugs
  3 worms
  4 leopard geckos
  37 orcs
  3 giant cockroaches
  6 goblins
  4 hobgoblins (D:2)
  15 jackals
  6 quokkas
  4 ball pythons
  11 bats
  24 frilled lizards
  20 kobolds
  3 rats
227 creatures vanquished.

Notes
Turn   | Place    | Note
-------+----------+-------------------------------------------
     0 | D:1      | KristoblXynda the Spriggan Enchanter began the quest for
                  | the Orb.
     0 | D:1      | Reached XP level 1. HP: 9/9 MP: 5/5
   216 | D:1      | Reached XP level 2. HP: 3/13 MP: 1/7
   454 | D:1      | Learned a level 2 spell: Ensorcelled Hibernation
   613 | D:1      | Reached skill level 5 in Stealth
  1196 | D:1      | Reached XP level 3. HP: 16/16 MP: 8/8
  1250 | D:1      | Learned a level 3 spell: Confuse
  2590 | D:2      | Reached XP level 4. HP: 21/21 MP: 10/10
  2719 | D:2      | Found a glowing golden altar of the Shining One.
  3083 | D:3      | Reached skill level 6 in Stealth
  3369 | D:3      | Reached skill level 5 in Hexes
  3369 | D:3      | Reached XP level 5. HP: 13/24 MP: 7/12
  4062 | D:3      | HP: 1/24 [gnoll/+0 spear (9)]
  4657 | D:4      | Reached skill level 7 in Stealth
  4674 | D:4      | Reached skill level 5 in Spellcasting
  4674 | D:4      | Reached XP level 6. HP: 28/28 MP: 11/14
  5165 | D:4      | Reached XP level 7. HP: 32/32 MP: 5/16
  5601 | D:4      | Reached skill level 8 in Stealth
  5674 | D:4      | Found a staircase to the Ecumenical Temple.
  5682 | Temple   | Entered the Ecumenical Temple
  5717 | Temple   | Became a worshipper of Ashenzari the Shackled
  5789 | D:4      | Identified the +1 robe of Silemy {rPois MR- Int+2}
  6425 | D:5      | Entered Level 5 of the Dungeon
  6814 | D:5      | Found a snail-covered altar of Cheibriados.
  6860 | D:5      | Reached skill level 9 in Stealth
  6860 | D:5      | Reached XP level 8. HP: 36/36 MP: 18/18
  6963 | D:5      | Found an opulent altar of Gozag.
  7170 | D:5      | Reached * piety under Ashenzari
  7400 | D:6      | Found a glowing drain.
  7414 | Sewer    | Entered a sewer
  8404 | D:6      | Reached skill level 5 in Short Blades
  8404 | D:6      | Reached skill level 10 in Stealth
  8780 | D:7      | Reached skill level 1 in Fighting
  8783 | D:7      | Reached XP level 9. HP: 20/41 MP: 8/21
  9759 | D:8      | Found Vayguotz's Gadget Emporium.
 10161 | D:8      | Reached skill level 11 in Stealth
 10176 | D:8      | Found Urotutimp's Book Emporium.
 10261 | D:8      | Learned a level 4 spell: Throw Icicle
 10388 | D:9      | Reached ** piety under Ashenzari
 10411 | D:9      | Noticed a troll
 10417 | D:9      | Killed a troll
 10671 | D:9      | Noticed a manticore
 10929 | D:9      | HP: 1/44 [manticore (12)]
 10933 | D:9      | Slain by a manticore

Levels and vault maps discovered:
D:1:      dpeg_arrival_line_fractal, layout_basic,
          chequers_serial_rivers_small_a, minmay_lizard_pond
D:2:      layout_basic, nicolae_overflow_hidden_temple
D:3:      layout_basic
D:4:      layout_basic, minmay_temple_entry_purple_smoke, first_ration
D:5:      layout_basic, grunt_gozag_statues, cheibriados_altar_1
D:6:      minmay_spotlight, layout_cave_pools, cheibrodos_sewer_entry_bend
D:7:      layout_loops_cross
D:8:      layout_loops_cross, serial_shops, shop_statue,
          nicolae_shop_temple_entry_statues_fountains
D:9:      layout_roguey, grunt_temple_overflow_bloody_war, serial_shops,
          nicolae_shop_stone, shop, shop, blue_anna_alchemist
          [blue_anna_fruit_fields, blue_anna_fruit_fields], minmay_checkerbox,
          uniq_grum
Temple:   compressed_dpeg_circular_temple

Skill      XL: |  1  2  3  4  5  6  7  8  9 |
---------------+----------------------------+-----
Spellcasting   | 3 4 5 6 7 9 |  9.2
Hexes          | 4 5 6 7 8 9 |  9.4
Stealth        | 5 6 7 9 10 11 | 11.8
Short Blades   | 2 3 5 |  5.0
Fighting       | 1 3 |  3.3
Dodging        | |  3.0

Action                   |  1- 3 |  4- 6 |  7- 9 || total
-------------------------+-------+-------+-------++-------
Melee: Dagger            |   217 |    79 |   399 ||   695
 Cast: Corona            |     7 |       |       ||     7
       Ensorcelled Hiber |    15 |    31 |    83 ||   129
       Confuse           |       |     7 |    14 ||    21
Invok: Curse Item        |       |       |     2 ||     2
  Use: Scroll            |     1 |     2 |    13 ||    16
       Potion            |       |       |     2 ||     2
 Stab: Sleeping          |    17 |    33 |    84 ||   134
       Confused          |       |     5 |     6 ||    11
       Distracted        |       |       |     1 ||     1
  Eat: Ration            |       |     2 |     4 ||     6
Armor: Robe              |    28 |     6 |    39 ||    73
Dodge: Dodged            |   206 |    67 |   260 ||   533

Table legend:
 A = Non-vault XP
 B = Vault XP
 C = Vault XP percentage of total XP
 D = Non-vault monster count
 E = Vault monster count
 F = Vault count percentage of total count
                 A         B        C        D         E       F
            +---------+---------+-------+---------+---------+-------
      Total |    4634 |     447 |   8.8 |     188 |      39 |  17.2
            +---------+---------+-------+---------+---------+-------
        D:1 |      37 |      11 |  22.9 |      21 |      11 |  34.4
        D:2 |      86 |       0 |   0.0 |      29 |       0 |   0.0
        D:3 |     167 |       0 |   0.0 |      20 |       0 |   0.0
        D:4 |     803 |       0 |   0.0 |      31 |       0 |   0.0
        D:5 |     455 |       0 |   0.0 |      17 |       0 |   0.0
        D:6 |     785 |      53 |   6.3 |      25 |       2 |   7.4
        D:7 |     631 |       0 |   0.0 |      19 |       0 |   0.0
        D:8 |     746 |       0 |   0.0 |      13 |       0 |   0.0
        D:9 |     924 |     326 |  26.1 |      13 |       2 |  13.3
      Sewer |       0 |      57 | 100.0 |       0 |      24 | 100.0
            +---------+---------+-------+---------+---------+-------
